Map: Яганната РВ

Players

Benti

  • Race: Protoss Protoss
  • League: Grandmaster

TrapMY - Winner!

  • Race: Protoss Protoss
  • League: Grandmaster

VOD

Have the link to the VOD?

Description

Time

  • Played on: Sept. 20, 2021, 7:04 a.m.
  • Length: 3:27
Show
View Real Time Build Order
Export as new Build Order

Benti Protoss 

Build Orders:  

Get SALT Encoding   

  12  0:00  Probe  
  13  0:12  Probe  
  14  0:17  Pylon  
  14  0:24  Probe (Chrono Boost)  
  16  0:36  Probe (Chrono Boost)  
  16  0:38  Gateway  
  16  0:42  Probe (Chrono Boost)  
  16  0:46  Assimilator  
  17  0:53  Probe  
  17  0:55  Assimilator  
  18  1:05  Probe (Chrono Boost)  
  19  1:12  Gateway  
  19  1:15  Probe (Chrono Boost)  
  20  1:22  Probe  
  21  1:27  Cybernetics Core  
  21  1:34  Probe  
  21  1:35  Pylon  
  22  1:46  Probe  
  23  2:03  Stalker (Chrono Boost)  
  23  2:04  Shield Battery  
  27  2:12  Probe  
  28  2:23  Pylon  
  28  2:36  Pylon  
  28  2:42  Stalker  
  29  2:52  Stalker  
  29  3:03  Pylon  
  21  3:17  Shield Battery  
Show
View Real Time Build Order
Export as new Build Order

TrapMY Protoss - Winner!

Build Orders:  

Get SALT Encoding   

  12  0:00  Probe  
  13  0:12  Probe  
  14  0:25  Probe  
  14  0:26  Assimilator  
  15  0:35  Pylon  
  15  0:53  Probe  
  15  0:54  Gateway  
  15  0:56  Gateway  
  16  1:05  Probe  
  16  1:07  Pylon  
  17  1:17  Probe  
  18  1:31  Probe  
  19  1:41  Zealot (Chrono Boost), Cybernetics Core  
  19  1:42  Zealot (Chrono Boost)  
  23  1:52  Pylon  
  23  2:02  Zealot (Chrono Boost)  
  23  2:03  Zealot (Chrono Boost)  
  27  2:10  Pylon  
  27  2:26  Stalker (Chrono Boost)  
  31  2:34  Stalker (Chrono Boost)  
  31  2:39  Shield Battery  
  31  2:41  Shield Battery  
  29  2:49  Stalker  
  29  2:57  Shield Battery  
Tags
 
Add a new tag
Caveats
  • Supply blocks, unpowered buildings, or Contaminate may cause inaccurate times.
  • Supply counts are checked every 10 seconds.